[Event "*** Titled Tuesday Blitz"]
[Site "Chess.com"]
[Date "2021.02.02"]
[Round "8"]
[White "GiorgianBarbosa"]
[Black "Agoking701"]
[Result "1-0"]
[WhiteElo "2493"]
[BlackElo "2315"]
[TimeControl "180+1"]
[EndTime "11:30:48 PST"]
[Termination "GiorgianBarbosa won on time"]

1. d4 d5 2. c4 dxc4 3. e3 c5 4.
Bxc4 cxd4 5. exd4 Nf6 6. Nf3 Bg4 7. Bxf7+ Kxf7 8. Ne5+ Kg8 9. Nxg4 e6 10. O-O Nc6 11. Nxf6+ Qxf6 12. d5 Rd8 13. Qb3 exd5 14. Nc3 Na5 15.
Qb5 Qb6 16. Qe2 Bb4 17. Bg5 Kf7 18. Bxd8 Rxd8 19. Qf3+ Qf6 20. Qxf6+ gxf6 21. Rad1 d4 22.
Ne2 d3 23. Nc1 d2 24. Nb3 Nc4 25. a3 Rd3 26. Na1 Bf8 27. b3 Nb2 28. Nc2 Nxd1 29. Rxd1 Bh6 30. g3 Rxb3 31. f4 Rd3 32. Kf1 Bf8 33.
Ke2 Rb3 34. Rxd2 Bxa3 35. Rd7+ Kg6 36. Ne3 Bc5 37. f5+ Kh6 38. Ng4+ Kg5 39. Rg7+ Kh5 40. Nxf6+ Kh6 41. Rxh7+ Kg5 42. Ne4+ Kxf5 43. Nxc5 Rb2+ 44. Kf3 Rc2 45. Nd3 Rc3 46. Ke3 a5 47. Rh5+ Kg4 48.
Rxa5 Rb3 49. Ra4+ Kh3 50. Rh4+ Kg2 51. g4 b5 52. g5 Rb1 53. g6 Ra1 54. g7 Ra8 55.
Rg4+ Kh1 56. g8=Q 1-0

[Event "*** Titled Tuesday Blitz"]
[Site "Chess.com"]
[Date "2021.02.02"]
[Round "8"]
[White "ZenBull"]
[Black "losersgame"]
[Result "1-0"]
[WhiteElo "2250"]
[BlackElo "2359"]
[TimeControl "180+1"]
[EndTime "11:30:48 PST"]
[Termination "ZenBull won by resignation"]

1. Nf3 Nf6 2. c4 e6 3. g3 a6 4. Bg2 b5 5. b3 Bb7 6. O-O c5 7. Nc3 Qb6 8. Qc2 d5 9. cxd5 exd5 10.
d4 cxd4 11. Nb1 Nc6 12. Bb2 Rc8 13. Rd1 Nb4 14. Qd2 Rc2 15. Qxd4 Bc5 16. Qe5+ Kf8 17.
Bd4 h5 18. a3 Nc6 19. Bxc5+ Qxc5 20. Qc7 Rxe2 21. Rf1 Re7 22. Qf4 Rh6 23. Nbd2 Ne4 24. Rac1 Qd6 25. Qxd6 Rxd6 26. Rfd1 Rde6 27. Nxe4 dxe4 28.
Ng5 Re5 29. Nh3 e3 30. Bxc6 exf2+ 31. Nxf2 Bxc6 32. Rxc6 g6 33. Kg2 Re2 34. Rxa6 Rb2 35. b4 Ree2 36. Rf1 Ra2 37. Rb6 Kg7 38. Rxb5 Rxa3 39.
Rb7 Raa2 40. b5 Kh6 41. b6 Rab2 42. Rb8 f5 43. b7 Kg7 44. h3 Red2 45. Kg1 Rdc2 46.
Rc8 Rxb7 47. Rxc2 Rb3 48. Kg2 h4 49. gxh4 Kh6 50. Re2 Kh5 51. Rg1 f4 52. Rd2 f3+ 53. Kh2 Rb4 54. Rg3 Kh6 55. Rxf3 Kh5 56. Kg3 Rb5 57.
Re2 Rd5 58. Re4 Rd1 59. Rg4 Rg1+ 60. Kh2 Rg2+ 61. Rxg2 Kh6 62. Rfg3 1-0

[Event "*** Titled Tuesday Blitz"]
[Site "Chess.com"]
[Date "2021.02.02"]
[Round "8"]
[White "serhanberat_ozdemir"]
[Black "SirStrateg"]
[Result "1-0"]
[WhiteElo "2457"]
[BlackElo "2653"]
[TimeControl "180+1"]
[EndTime "11:30:49 PST"]
[Termination "serhanberat_ozdemir won by resignation"]

1. e4 e6 2. d4 d5 3. Nd2 Nc6 4.
Ngf3 Nf6 5. Bd3 Nb4 6. Qe2 Nxd3+ 7. Qxd3 Be7 8. O-O b6 9. e5 Nd7 10. c3 a5 11. Re1 Ba6 12. Qe3 c5 13. h3 cxd4 14.
cxd4 Rc8 15. Nh2 Qc7 16. Qg3 O-O 17. Ndf3 Qc2 18. Ng4 Qg6 19. Bf4 Rc2 20. Rac1 Rfc8 21. Rxc2 Rxc2 22. Rc1 Rxc1+ 23. Bxc1 h5 24. Ngh2 Qd3 25.
Ne1 Qxg3 26. fxg3 f6 27. exf6 gxf6 28. g4 hxg4 29. Nxg4 Be2 30. Kf2 Bxg4 31. hxg4 a4 32. b3 b5 33. Nd3 Kf7 34. Bf4 Kg6 35. bxa4 bxa4 36. Bc7 Ba3 37. Kf3 Kg5 38. Nf4 Nf8 39.
Bd8 Bd6 40. g3 Bxf4 41. gxf4+ Kg6 42. Ke3 Nd7 43. Bc7 Kf7 44. f5 e5 45. Kd3 e4+ 46.
Kc2 Ke7 47. Kc3 Nf8 48. Bf4 Kd7 49. Kb4 Kc6 50. Kxa4 Nd7 51. Kb4 Nb6 52. g5 fxg5 53.
Bxg5 Nc4 54. f6 Kd6 55. f7 1-0

[Event "*** Titled Tuesday Blitz"]
[Site "Chess.com"]
[Date "2021.02.02"]
[Round "8"]
[White "Savagelittlemole"]
[Black "MPGM"]
[Result "0-1"]
[WhiteElo "2456"]
[BlackElo "2598"]
[TimeControl "180+1"]
[EndTime "11:30:49 PST"]
[Termination "MPGM won on time"]

1. e4 e5 2. Nf3 Nc6 3. Bb5 a6 4. Ba4 Nf6 5. O-O Nxe4 6. d4 b5 7. Bb3 d5 8. dxe5 Be6 9. c3 Be7 10. Qe2 O-O 11. Rd1 Qd7 12. Bf4 Na5 13. Bc2 f5 14. exf6 Nxf6 15. Ne5 Qc8 16. b4 Nc4 17.
Nxc4 dxc4 18. Re1 Nd5 19. Qxe6+ Qxe6 20. Rxe6 Rxf4 21. Be4 Rd8 22. g3 Rf7 23. a4 Nf6 24. axb5 Nxe4 25. Rxe4 axb5 26. Na3 c6 27. Nc2 Bf6 28.
Re3 Rfd7 29. Ne1 Rd1 30. Rxd1 Rxd1 31. Kf1 Rc1 32. Ke2 Bxc3 33. Nf3 Bxb4 34. Nd4 Bc5 35.
Re4 Bxd4 36. Rxd4 Rc2+ 37. Kd1 Rxf2 38. Rd6 Rxh2 39. Rxc6 Rb2 40. Rb6 c3 41. Kc1 b4 42.
Rb7 h5 43. Rb5 g6 44. Rb7 b3 45. Rc7 Rc2+ 46. Kd1 g5 47. Rb7 Rd2+ 0-1

[Event "*** Titled Tuesday Blitz"]
[Site "Chess.com"]
[Date "2021.02.02"]
[Round "8"]
[White "RaneshRatnesan"]
[Black "Leo_C"]
[Result "0-1"]
[WhiteElo "2189"]
[BlackElo "2399"]
[TimeControl "180+1"]
[EndTime "11:30:51 PST"]
[Termination "Leo_C won by resignation"]

1. d4 d5 2. Nf3 Nf6 3. e3 c5 4. Bd3 Nc6 5. O-O Bg4 6. Be2 e6 7. b3 Bd6 8. Bb2 cxd4 9. exd4 Qc7 10. h3 Bh5 11. Nbd2 O-O 12. Rc1 Rac8 13. Ne5 Nxe5 14.
Bxh5 Nxh5 15. Qxh5 Ng6 16. c4 Qa5 17. Bc3 Bb4 18. Nb1 Bxc3 19. Nxc3 Qb4 20. Nb5 a6 21. a3 Qe7 22. Nc3 dxc4 23. b4 Rfd8 24. Rfd1 Nf4 25.
Qf3 Nd3 26. Rc2 Rxd4 27. Rcd2 Rcd8 28. Qe3 e5 29. Ne2 R4d7 30. f3 f6 31. Nc3 Nf4 32. Ne4 Rxd2 33. Rxd2 Rxd2 34. Qxd2 h5 35. h4 Kh7 36. g3 Ne6 37. Qd5 Nd4 38. Qxc4 Nxf3+ 39. Kg2 Nd4 40. Qd3 Kg8 41. Qc4+ Qe6 42. Qd3 Qa2+ 43. Kh3 Qe6+ 44. Kg2 Qg4 45. Nc5 f5 46. Qc4+ Kh7 47. Qf1 f4 48. Qd3+ g6 49. Nxb7 f3+ 50. Kf2 Qh3 51.
Ke3 Qxg3 52. Qe4 f2+ 53. Kd2 f1=Q 54. Nd6 Qff2+ 0-1

[Event "*** Titled Tuesday Blitz"]
[Site "Chess.com"]
[Date "2021.02.02"]
[Round "8"]
[White "GumisGLHF"]
[Black "Grieve72"]
[Result "0-1"]
[WhiteElo "2354"]
[BlackElo "2500"]
[TimeControl "180+1"]
[EndTime "11:30:52 PST"]
[Termination "Grieve72 won by resignation"]

1. c4 g6 2. Nf3 Bg7 3. e3 c5 4. Nc3 Nf6 5. Be2 O-O 6. O-O Nc6 7. a3 d5 8. cxd5 Nxd5 9. Qb3 Nb6 10. Ne4 c4 11. Qc2 Na5 12. d3 Be6 13. d4 Rc8 14.
Nc5 Bd5 15. e4 Bc6 16. Be3 e5 17. d5 Be8 18. Rad1 Qd6 19. Qd2 Rxc5 20. Bxc5 Qxc5 21.
Qb4 Qxb4 22. axb4 Nb3 23. Nd2 Nxd2 24. Rxd2 Bh6 25. Rc2 Ba4 26. Rc3 Bd2 27. Rh3 Bxb4 28. Ra1 Rc8 29. Bf1 a5 30. g4 Bd7 31. Rg3 Bc5 32. h3 Bd4 33. Ra2 Na4 34. Rga3 Nxb2 35.
Rxa5 c3 36. Ra8 c2 37. Rxc8+ Bxc8 38. Ra1 Nd1 39. Rc1 Nxf2 40. Rxc2 Bd7 41. Kg2 Nxe4 42.
Bd3 Nc5 43. Bc4 Ba4 44. Ra2 Kf8 45. Kf3 Ke7 46. g5 Kd6 47. h4 b5 48. Bf1 Kxd5 49.
Ke2 e4 50. Bg2 Bb3 51. Ra8 Bc4+ 52. Kd1 Bd3 53. Rd8+ Kc4 54. Rb8 e3 55. Bc6 b4 56.
Bb5+ Kc3 57. Bxd3 Kxd3 58. Rxb4 e2+ 0-1

[Event "*** Titled Tuesday Blitz"]
[Site "Chess.com"]
[Date "2021.02.02"]
[Round "8"]
[White "WiktoriaPOL"]
[Black "ViktoriyaTarasova"]
[Result "0-1"]
[WhiteElo "1994"]
[BlackElo "2284"]
[TimeControl "180+1"]
[EndTime "11:30:52 PST"]
[Termination "ViktoriyaTarasova won on time"]

1. e4 e5 2. Nf3 Nc6 3. d4 exd4 4. c3 dxc3 5. Nxc3 d6 6. Bc4 Nf6 7. Qb3 Qe7 8. Ng5 Ne5 9. Be2 h6 10. Nf3 Nxf3+ 11. Bxf3 c6 12. O-O Be6 13. Qb4 Qc7 14.
Bf4 Be7 15. Rfd1 Rd8 16. Rd2 O-O 17. Rad1 Ne8 18. Rc1 Qb8 19. e5 Rd7 20. Bxc6 dxe5 21. Qb5 Rxd2 22. Bxd2 Nd6 23. Qxe5 bxc6 24. Bf4 Qb7 25.
b3 Nf5 26. Ne4 Qc8 27. Nc5 Bxc5 28. Qxc5 Bd5 29. Qxa7 Re8 30. Qc5 Qe6 31. h3 g5 32.
Bd2 Qe4 33. f3 Qd3 34. Bc3 Nh4 35. Qd6 Qg6 36. Qb4 Qe6 37. Re1 Qd7 38. Rxe8+ Qxe8 39. Qd4 f6 40. Qxf6 Qe3+ 41. Kh2 Nxf3+ 42. Kg3 Nh4+ 43.
Kh2 Nf3+ 44. Kg3 Nh4+ 45. Kh2 Qf4+ 46. Qxf4 gxf4 47. g3 fxg3+ 48. Kxg3 Nf5+ 49. Kf4 Ne7 50. a4 Kf7 51. a5 c5 52. a6 Ba8 53. Ke5 Nc6+ 54. Kd6 Nb8 55. a7 Na6 0-1

[Event "*** Titled Tuesday Blitz"]
[Site "Chess.com"]
[Date "2021.02.02"]
[Round "8"]
[White "KetiGrant"]
[Black "HrvojeZagreb"]
[Result "1-0"]
[WhiteElo "2364"]
[BlackElo "2224"]
[TimeControl "180+1"]
[EndTime "11:30:53 PST"]
[Termination "KetiGrant won on time"]

1. e4 e6 2. d4 d5 3. Nc3 dxe4 4. Nxe4 Nd7 5. Nf3 Ngf6 6. Bg5 Be7 7. Bxf6 Nxf6 8. Bd3 Nxe4 9. Bxe4 c5 10. dxc5 Qa5+ 11.
c3 Qxc5 12. O-O O-O 13. Re1 a5 14. Qc2 h6 15. Rad1 a4 16. Ne5 Bf6 17. Nd7 Bxd7 18. Rxd7 a3 19. Bxb7 Ra7 20. bxa3 Qxc3 21. Qxc3 Bxc3 22. Rc1 Rxa3 23. g3 Bb2 24. Rc2 Bf6 25.
Kg2 g6 26. Be4 Kg7 27. h4 Rd8 28. Rb7 Bd4 29. Rcc7 Rf8 30. Rc2 Rc3 31. Rd2 e5 32.
Bd5 Kf6 33. Re2 Rc5 34. Bb3 Rc3 35. Rd2 Rc5 36. Rd3 Rc3 37. Rd2 h5 38. a4 Rc5 39. Rd3 Ra5 40. Rf3+ Kg7 41. Rfxf7+ Rxf7 42. Rxf7+ Kh6 43. Rb7 Ra7 44. Rb5 Rc7 45. Kf3 Rc3+ 46. Ke4 Bxf2 47. a5 Bxg3 48. a6 Rc7 49. Bd5 Ra7 50. Bb7 Bxh4 51. Kxe5 Bf2 52. Kf6 h4 53. Kf7 h3 54. Rb3 1-0

[Event "*** Titled Tuesday Blitz"]
[Site "Chess.com"]
[Date "2021.02.02"]
[Round "8"]
[White "wonderfultime"]
[Black "BilodeauA"]
[Result "1/2-1/2"]
[WhiteElo "3012"]
[BlackElo "2879"]
[TimeControl "180+1"]
[EndTime "11:30:54 PST"]
[Termination "Game drawn by repetition"]

1. d4 d5 2. Nf3 Nf6 3. Bf4 e6 4. e3 c5 5. c3 Nc6 6. Nbd2 Be7 7. Bd3 O-O 8. O-O Nh5 9. Be5 f6 10. Bg3 c4 11. Bc2 Nxg3 12. hxg3 f5 13. Qe2 b5 14.
Ne5 Nxe5 15. dxe5 Qc7 16. f4 b4 17. Nf3 a5 18. Nd4 a4 19. a3 bxa3 20. bxa3 Bd7 21.
g4 g6 22. gxf5 exf5 23. Bd1 h5 24. Qd2 Qc5 25. Bf3 Rfb8 26. Nc2 Be6 27. Nb4 Rd8 28. Rfd1 Ra5 29. Rab1 Kf7 30. Qf2 Rd7 31. Rd4 Qb6 32. Rbd1 Bc5 33. Qh4 Be7 34. Qh3 Rc5 35. Kf2 Rb5 36.
R1d2 Ke8 37. Qg3 Bf7 38. Nxd5 Bxd5 39. Bxd5 Rb2 40. Bf7+ Kxf7 41. Rxd7 Rxd2+ 42. Rxd2 Bxa3 43. Qf3 Bc1 44. Qd5+ Kg7 45. Qd7+ Kh6 46. Qe8 Qb7 47. Rd7 Bxe3+ 48. Kg3 Bxf4+ 49. Kh3 Qe4 50. Qf8+ Kg5 51. Qf6+ Kh6 52. Qg7+ Kg5 53. Qe7+ Kh6 54. Qf8+ Kg5 55. Qf6+ Kh6 56. Qg7+ Kg5 57. Qe7+ Kh6 58. Qf8+ 1/2-1/2

[Event "*** Titled Tuesday Blitz"]
[Site "Chess.com"]
[Date "2021.02.02"]
[Round "8"]
[White "Kotofeyca"]
[Black "Skat2704"]
[Result "0-1"]
[WhiteElo "2398"]
[BlackElo "2514"]
[TimeControl "180+1"]
[EndTime "11:30:54 PST"]
[Termination "Skat2704 won by resignation"]

1. d4 d5 2. c4 e6 3. Nc3 Nf6 4. cxd5 exd5 5. Bg5 Be7 6. Qc2 h6 7. Bh4 c5 8. dxc5 O-O 9. e3 Nc6 10. Nf3 Bg4 11. Be2 Qa5 12. O-O Qxc5 13. Rfd1 Rfd8 14.
Qb3 Na5 15. Qb5 Qxb5 16. Nxb5 Nc4 17. b3 Nb6 18. Nfd4 Bxe2 19. Nxe2 a6 20. Nbd4 g6 21.
Rac1 Rac8 22. Kf1 Kg7 23. Rxc8 Rxc8 24. Rc1 Rxc1+ 25. Nxc1 Nbd7 26. Nd3 Bd6 27. Bg3 Bxg3 28. hxg3 h5 29. Ke2 Kf8 30. a4 Ke7 31. f3 Kd6 32.
b4 b6 33. Kd2 Kc7 34. Kc3 Kd6 35. Nb3 Kc7 36. a5 Ne8 37. axb6+ Nxb6 38. Nbc5 Nc4 39. Kd4 Kc6 40. e4 dxe4 41. fxe4 Kb5 42. Nxa6 Na3 43. Nac5 Nc2+ 44. Ke5 Nxb4 45. Nxb4 Kxc5 46. Nd5 Nd6 47. Kf6 Nxe4+ 48. Kxf7 Kxd5 49. Kxg6 Nxg3 50. Kg5 Ke5 51. Kh4 Kf4 52. Kh3 Nf5 53. Kh2 Kg4 54. Kg1 Kg3 55.
Kh1 Ne3 56. Kg1 Nxg2 57. Kh1 h4 58. Kg1 h3 59. Kh1 Nf4 60. Kg1 Nh5 61. Kh1 Nf6 62. Kg1 Ng4 63. Kh1 Nf2+ 64. Kg1 h2+ 0-1

[Event "*** Titled Tuesday Blitz"]
[Site "Chess.com"]
[Date "2021.02.02"]
[Round "8"]
[White "ural58"]
[Black "Mr_Sinigami"]
[Result "1-0"]
[WhiteElo "2487"]
[BlackElo "2625"]
[TimeControl "180+1"]
[EndTime "11:30:57 PST"]
[Termination "ural58 won on time"]

1. e4 c5 2. b3 e6 3. Qe2 Nf6 4. Bb2 d5 5. exd5 Nxd5 6. Nc3 Nc6 7. Nf3 Ndb4 8. O-O-O Nd4 9. Qe4 Nbxc2 10. Nb5 Bd7 11.
Nbxd4 Nxd4 12. Qxb7 Bd6 13. Nxd4 cxd4 14. Bxd4 O-O 15. Bc4 e5 16. Bc3 Bf5 17. Kb2 a5 18. a4 Qf6 19. Qf3 Qg6 20. Qg3 Qh6 21. Qe3 Qg6 22. f3 Rab8 23. h4 Be6 24. Bxe6 Qxe6 25. Bxa5 Bc5 26. Qd3 Bd4+ 27. Ka2 Ra8 28. Bc3 Rxa4+ 29.
Kb2 Rfa8 30. Ra1 Rxa1 31. Rxa1 Rxa1 32. Kxa1 Qxb3 33. h5 h6 34. g4 f6 35. f4 Kh8 36.
fxe5 fxe5 37. Qf3 Bxc3+ 38. Qxc3 Qd1+ 39. Kb2 Qxg4 40. Qxe5 Qb4+ 41. Kc2 Qa4+ 42. Kb2 Qb4+ 43. Kc2 Qc4+ 44. Kd1 Qb3+ 45. Ke1 Qb1+ 46. Ke2 Qg1 47. d4 Qg2+ 48. Kd3 Qf1+ 49. Kc3 Qa1+ 50. Kb4 Qb2+ 51. Kc5 Qc3+ 52. Kd6 Qa3+ 53. Ke6 Qb3+ 54. d5 Qh3+ 55. Ke7 1-0

[Event "*** Titled Tuesday Blitz"]
[Site "Chess.com"]
[Date "2021.02.02"]
[Round "8"]
[White "PLAYER_2006_M"]
[Black "MartinMatthiesen"]
[Result "0-1"]
[WhiteElo "2528"]
[BlackElo "2374"]
[TimeControl "180+1"]
[EndTime "11:30:57 PST"]
[Termination "MartinMatthiesen won on time"]

1. d4 Nf6 2. Nc3 d5 3. Bf4 c5 4. e3 cxd4 5. exd4 a6 6. Nce2 Bf5 7. c3 Nc6 8. Nf3 e6 9. Ng3 Bg6 10. Bd3 Bd6 11. Bxd6 Qxd6 12. O-O O-O 13. Re1 Rab8 14.
Ne5 Rfc8 15. h4 b5 16. h5 Bxd3 17. Qxd3 h6 18. Re3 b4 19. Rae1 bxc3 20. bxc3 Qf8 21. Rf3 Nxe5 22. Rxe5 Qa3 23. Rxf6 gxf6 24. Re3 Qc1+ 25.
Kh2 Rb2 26. Rf3 Qg5 27. Kh3 f5 28. Nxf5 Qxh5+ 29. Nh4 Rcb8 30. Rg3+ Kh8 31. a4 Rb1 32. Rg4 Rh1+ 33. Kg3 Rg8 34. Rxg8+ Kxg8 35. Nf3 Qg6+ 36. Qxg6+ fxg6 37. Ne5 Ra1 38. Nxg6 Rxa4 39. Kf4 Ra3 40. Ke5 Rxc3 41. Kxe6 a5 42. Ne7+ Kh7 43. Nxd5 Rc2 44. f4 a4 45. Nb4 Rb2 46. Nd3 a3 47. Nc1 a2 48. Nxa2 Rxa2 49. d5 Rxg2 50. d6 Rd2 51. d7 Kg6 52. f5+ Kg5 53. f6 Rxd7 54. Kxd7 Kxf6 55.
Kd6 h5 56. Kd5 Kf5 57. Kd4 Kf4 58. Kd3 Kf3 59. Kd4 h4 0-1

[Event "*** Titled Tuesday Blitz"]
[Site "Chess.com"]
[Date "2021.02.02"]
[Round "8"]
[White "fmshawnrl123"]
[Black "DamianoLew95"]
[Result "1-0"]
[WhiteElo "2773"]
[BlackElo "2592"]
[TimeControl "180+1"]
[EndTime "11:30:58 PST"]
[Termination "fmshawnrl123 won by resignation"]

1. a3 h5 2. c4 e5 3. Nc3 d6 4. Nf3 Nc6 5. d3 Be7 6. Nd5 Be6 7. Nxe7 Ngxe7 8. b4 e4 9. Ng5 exd3 10. Nxe6 fxe6 11. Qxd3 Ne5 12. Qc2 Nf5 13. Bb2 Qg5 14. e3 Ng4 15.
O-O-O O-O-O 16. h3 Nf6 17. Kb1 Rhf8 18. g3 Ne7 19. h4 Qh6 20. Bd3 Ng4 21. Rd2 Rf7 22. Re1 Nc6 23. Be4 Rdf8 24. f4 Ne7 25. Qa4 Kb8 26. Bd4 Nc8 27. c5 d5 28. Bd3 Ne7 29.
b5 Nf5 30. c6 Nxd4 31. exd4 Qf6 32. cxb7 Rd8 33. Rc2 Qe7 34. Rc6 Rd6 35. Rec1 Ne3 36. R1c5 Nf5 37. Kb2 Nxd4 38. Qxd4 Rxc6 39. bxc6 e5 40.
Qxd5 Rf6 41. Qc4 Rd6 42. Bc2 Rd4 43. Qg8+ Rd8 44. Qc4 Rd4 45. Qb5 e4 46. Rc4 Rd6 47.
Qb4 Qf6+ 48. Ka2 e3 49. Qb3 e2 50. Re4 Rd8 51. Rxe2 Qxc6 52. Re4 a5 53. Rc4 Qh1 54. Qc3 c6 55. Qxa5 Rd6 56. Qa8+ Kc7 57. b8=Q+ 1-0

[Event "*** Titled Tuesday Blitz"]
[Site "Chess.com"]
[Date "2021.02.02"]
[Round "8"]
[White "ChessLover0108"]
[Black "Szparu"]
[Result "0-1"]
[WhiteElo "2829"]
[BlackElo "2673"]
[TimeControl "180+1"]
[EndTime "11:30:59 PST"]
[Termination "Szparu won by resignation"]

1. Nf3 c5 2. c4 Nc6 3. Nc3 Nf6 4. g3 d5 5. d4 e6 6. cxd5 Nxd5 7. e4 Nxc3 8. bxc3 cxd4 9. cxd4 Bb4+ 10. Bd2 Bxd2+ 11. Qxd2 O-O 12. Bg2 Qa5 13. Rc1 Qxd2+ 14. Kxd2 Bd7 15. Ke3 Rfc8 16. a3 Kf8 17. Rc3 Na5 18. Rhc1 Rxc3+ 19. Rxc3 Rc8 20. Rxc8+ Bxc8 21. Kd3 b6 22. Kc3 Ke7 23. Nd2 Bb7 24. d5 Ba6 25. Kd4 Nb7 26. e5 exd5 27.
Bxd5 Nc5 28. f4 Ne6+ 29. Bxe6 Kxe6 30. Ne4 h5 31. Ng5+ Ke7 32. f5 Bc8 33. Ke4 b5 34.
h3 a5 35. g4 f6 36. exf6+ gxf6 37. Nh7 Kf7 38. g5 fxg5 39. Nxg5+ Kf6 40. Nh7+ Kg7 41. Ng5 b4 42. axb4 axb4 43. Ke5 b3 44. f6+ Kf8 45.
Ne4 b2 46. Nd2 Bxh3 47. Kd4 Bf5 48. Kc3 b1=Q 49. Nxb1 Bxb1 50. Kd4 Kf7 51. Ke5 Bg6 52. Kf4 Kxf6 53. Kg3 Kg5 54. Kh2 h4 55. Kh3 Bf5+ 56. Kh2 Kg4 57. Kg1 Kg3 58. Kh1 h3 59. Kg1 h2+ 60. Kf1 h1=Q+ 0-1

[Event "*** Titled Tuesday Blitz"]
[Site "Chess.com"]
[Date "2021.02.02"]
[Round "8"]
[White "Abdimalik_Abdisalimov"]
[Black "MVM2008"]
[Result "0-1"]
[WhiteElo "2285"]
[BlackElo "2117"]
[TimeControl "180+1"]
[EndTime "11:31:00 PST"]
[Termination "MVM2008 won by resignation"]

1. d4 Nf6 2. c4 g6 3. f3 Bg7 4.
e4 d6 5. Nc3 O-O 6. Nb1 e5 7. Nc3 exd4 8. Qxd4 Nxe4 9. Qxe4 Re8 10. Bd3 Rxe4+ 11. Bxe4 Nc6 12. Nge2 Nd4 13. Nxd4 Bxd4 14.
Bd2 c6 15. O-O-O Be6 16. b3 a5 17. Ne2 Bg7 18. Bf4 Qf6 19. Kd2 Qb2+ 20. Ke3 Qxa2 21. Bxd6 Qxb3+ 22. Kf2 Qxc4 23. Rc1 Qb5 24. Rb1 Qg5 25.
Rxb7 Qd2 26. Bc5 Bc4 27. Re1 Bc3 28. Rbb1 a4 29. Be3 Qa2 30. Bxc6 Bxe1+ 31. Rxe1 Rc8 32. Be4 f5 33. Bb1 Qb2 34. Bd4 Qb5 35. Nc3 Qd7 36. Rd1 a3 37. Bc5 Qg7 38. Bd4 Qd7 39. Bc5 Qxd1 40.
Nxd1 Rxc5 41. Nc3 Ra5 42. Ba2 Bxa2 43. Nxa2 Rb5 44. Ke3 Rb2 45. Nc3 a2 46. Nxa2 Rxa2 47. Kf4 Rxg2 48. Ke5 Kf7 49. Kf4 Kf6 50. h4 h6 51. h5 g5+ 52. Ke3 Rh2 53. f4 Rxh5 54. fxg5+ hxg5 55. Kf3 Rh8 56. Kg2 Ra8 57. Kg3 f4+ 58. Kf2 Kf5 59. Kg2 g4 60. Kf2 Ke4 61. Kf1 Ke3 62. Kg2 Ra2+ 63. Kh1 Kf3 64. Kg1 g3 0-1

[Event "*** Titled Tuesday Blitz"]
[Site "Chess.com"]
[Date "2021.02.02"]
[Round "8"]
[White "djano"]
[Black "DenisQ"]
[Result "0-1"]
[WhiteElo "2469"]
[BlackElo "2648"]
[TimeControl "180+1"]
[EndTime "11:31:01 PST"]
[Termination "DenisQ won by resignation"]

1. e4 c6 2. d4 d5 3. exd5 cxd5 4. Bd3 Nf6 5. c3 Nc6 6. Bf4 Bg4 7. Qb3 Qd7 8. Nd2 e6 9. Ngf3 Bxf3 10. Nxf3 Bd6 11.
Bxd6 Qxd6 12. O-O O-O 13. Rae1 Qc7 14. Qd1 Rab8 15. a4 a6 16. Bc2 b5 17. Qd3 bxa4 18.
Bxa4 Rxb2 19. Qxa6 Ne7 20. Qd3 Rc8 21. Rc1 Ra2 22. Bb3 Ra3 23. Nd2 Ne4 24. Nxe4 dxe4 25. Qd1 Rb8 26. Bc2 Rxc3 27. Bxe4 Rd8 28. Qd2 Rxc1 29.
Rxc1 Qd6 30. Qc2 g6 31. Rd1 Qb4 32. Qd3 Kg7 33. g3 Ng8 34. Bf3 Nf6 35. Qe3 Qc4 36. Kg2 Qc7 37. Qe5 Qd6 38. Qe3 h6 39. h4 h5 40. Qc3 Nd5 41. Qb2 Kg8 42. Qa1 Ne7 43.
Qb2 Nf5 44. d5 e5 45. Qa1 Nd4 46. Rxd4 exd4 47. Qxd4 Re8 48. Qd2 Qe5 49. Qc2 Kg7 50. Qd2 Rd8 51. Qc2 Rd6 52. Qd2 Rb6 53. Qe2 Qxe2 54. Bxe2 Kf6 55. Bf3 Ke5 56. Kf1 Rb1+ 57.
Kg2 Rb3 58. Bd1 Rd3 59. Bf3 Rc3 60. g4 hxg4 61. Bxg4 f5 62. Bf3 Kf4 63. Be2 Ke4 64. h5 gxh5 65. Bxh5 Kxd5 66. f3 f4 67. Kh3 Kd4 68. Kg4 Ke3 69. Bg6 Rc1 70. Be4 Rg1+ 71. Kf5 Rg3 0-1

[Event "*** Titled Tuesday Blitz"]
[Site "Chess.com"]
[Date "2021.02.02"]
[Round "8"]
[White "anon481216"]
[Black "CheckThis4"]
[Result "1-0"]
[WhiteElo "2466"]
[BlackElo "2559"]
[TimeControl "180+1"]
[EndTime "11:31:03 PST"]
[Termination "anon481216 won on time"]

1. d4 d5 2. c4 e6 3. Nf3 Nf6 4. g3 dxc4 5. Bg2 Bb4+ 6. Bd2 c5 7. O-O O-O 8. Bxb4 cxb4 9. Ne5 Nc6 10. Nxc6 bxc6 11.
Bxc6 Rb8 12. Bg2 Qb6 13. e3 a5 14. Nd2 Ba6 15. Ne4 Nxe4 16. Bxe4 Rfc8 17. Qh5 g6 18.
Qe5 c3 19. Rfb1 Bb7 20. bxc3 Bxe4 21. Qxe4 Rxc3 22. h4 h5 23. d5 exd5 24. Qxd5 Rd8 25. Qe5 Rd2 26. Rd1 Rcc2 27. Rxd2 Rxd2 28. Rc1 Qd8 29.
Rc7 Rd1+ 30. Kh2 Rd6 31. Qxa5 Qf6 32. Rc2 Rb6 33. Qa8+ Kg7 34. Qe4 Kh7 35. Qd4 Qf5 36.
Rd2 Rf6 37. Kg2 Qf3+ 38. Kh2 Rc6 39. Qf4 Qxf4 40. gxf4 Kg7 41. Rd4 Rc2 42. Kg3 Rb2 43.
Rc4 Kf6 44. Kf3 Kf5 45. Rc5+ Ke6 46. Rb5 Rxa2 47. Rxb4 Kf5 48. Rb5+ Kf6 49. Rg5 Rb2 50. f5 Rb4 51. Kg3 gxf5 52. Rxh5 Rg4+ 53. Kf3 Kg6 54.
Rh8 Kg7 55. Rh5 Kg6 56. Rg5+ Rxg5 57. hxg5 Kxg5 58. Kg3 Kg6 59. Kh4 Kh6 60. f3 Kg6 61.
Kg3 Kg5 62. f4+ 1-0

[Event "*** Titled Tuesday Blitz"]
[Site "Chess.com"]
[Date "2021.02.02"]
[Round "8"]
[White "Nozdrachev_Leonid"]
[Black "TeukkaSalama"]
[Result "1-0"]
[WhiteElo "2523"]
[BlackElo "2363"]
[TimeControl "180+1"]
[EndTime "11:31:03 PST"]
[Termination "Nozdrachev_Leonid won by resignation"]

1. e4 d6 2. d4 Nf6 3. Nc3 e5 4. dxe5 dxe5 5. Qxd8+ Kxd8 6. Bg5 Be6 7. O-O-O+ Nd7 8. g3 Kc8 9. Bh3 Bxh3 10. Nxh3 h6 11. Bxf6 Nxf6 12. f3 c6 13. Nf2 Kc7 14. Nd3 Nd7 15.
Rhf1 Bd6 16. f4 f6 17. fxe5 Nxe5 18. Nf4 Rhe8 19. h3 Rad8 20. Rf2 Bc5 21. Rxd8 Rxd8 22. Ne6+ Kd6 23. Rd2+ Kxe6 24. Rxd8 h5 25. Ne2 Be3+ 26.
Kd1 g5 27. Rh8 Nc4 28. b3 Nd2 29. Re8+ Kd7 30. Rb8 Kc7 31. Rh8 Nxe4 32. Rxh5 f5 33. Rh7+ Kd6 34. Rxb7 Nf2+ 35. Ke1 Nxh3 36. Rf7 f4 37.
gxf4 gxf4 38. Kf1 Ke5 39. Rc7 Kd5 40. Rg7 Ke4 41. Rg6 c5 42. a4 Kf3 43. a5 Nf2 44. Ng1+ Ke4 45. Re6+ Kd5 46. Re7 Ne4 47. Rxa7 Nd2+ 48. Kg2 f3+ 49. Nxf3 Ne4 50. Re7 Bf4 51. a6 Ng5 52. Nxg5 Bxg5 53. Rg7 Bd8 54. a7 Bf6 55. a8=Q+ Ke5 56. Rg6 Kf5 57. Qf8 Ke4 58. Qxc5 Be5 59. Qxe5+ Kxe5 60. Rc6 Kd5 61. Rc4 Kd6 62. Kf3 Kd5 63.
Ke2 Kd6 64. Kd3 Kd5 65. Kc3 1-0

[Event "*** Titled Tuesday Blitz"]
[Site "Chess.com"]
[Date "2021.02.02"]
[Round "8"]
[White "Artyom_ChessMate"]
[Black "frederiksvane"]
[Result "1/2-1/2"]
[WhiteElo "2569"]
[BlackElo "2753"]
[TimeControl "180+1"]
[EndTime "11:31:04 PST"]
[Termination "Game drawn - insufficient material"]

1. e4 c5 2. Nc3 e6 3. Nge2 Nc6 4. g3 Nf6 5. Bg2 d5 6. exd5 exd5 7. d4 cxd4 8. Nxd4 Bg4 9. Qd3 Bc5 10. Nxc6 bxc6 11. O-O O-O 12. Bg5 h6 13. Bf4 Bh5 14. Na4 Bd6 15.
Bxd6 Qxd6 16. Qd4 Nd7 17. b4 a5 18. a3 axb4 19. axb4 Be2 20. Rfe1 Bb5 21. Nc5 Nxc5 22. bxc5 Rxa1 23. Rxa1 Qe7 24. Bf1 Bxf1 25. Kxf1 Rb8 26. c4 dxc4 27. Qxc4 Rb5 28. Ra8+ Kh7 29. Qd3+ g6 30.
Qd4 f6 31. Rd8 Rb7 32. Rd6 Kg7 33. Rxc6 Rd7 34. Rd6 Rxd6 35. cxd6 Qd7 36. Qd5 f5 37. Qe5+ Kf7 38. h4 Qe6 39. Qd4 Ke8 40. d7+ Qxd7 41.
Qh8+ Ke7 42. Qg7+ Kd8 43. Qxg6 Qd3+ 44. Kg1 Qd1+ 45. Kg2 Qd5+ 46. Kh2 Qf3 47. Qf6+ Ke8 48. Qe5+ Kf7 49. Qc7+ Kg6 50. Qd6+ Kh5 51. Qd4 Kg6 52. Qe3 Qxe3 53. fxe3 Kf6 54. Kg2 Ke5 55. h5 Kf6 56. Kf2 Kg5 57. Kf3 Kxh5 58. Kf4 Kg6 59. g4 fxg4 60.
Kxg4 h5+ 61. Kh4 Kf5 62. e4+ Kxe4 63. Kg5 Ke3 64. Kh4 Kf4 65. Kxh5 1/2-1/2

[Event "*** Titled Tuesday Blitz"]
[Site "Chess.com"]
[Date "2021.02.02"]
[Round "8"]
[White "Lion-Al-Messi"]
[Black "eCztery"]
[Result "0-1"]
[WhiteElo "2548"]
[BlackElo "2449"]
[TimeControl "180+1"]
[EndTime "11:31:04 PST"]
[Termination "eCztery won by resignation"]

1. e4 c5 2. Nc3 g6 3. Nf3 Nc6 4. d4 cxd4 5. Nxd4 Bg7 6. Be3 Nf6 7.
Bc4 O-O 8. Bb3 Ng4 9. Qd2 Nxe3 10. fxe3 Qa5 11. O-O-O d6 12. Kb1 Bd7 13. h4 h5 14.
Nxc6 Bxc6 15. Nd5 Qxd2 16. Nxe7+ Kh7 17. Rxd2 Bxe4 18. Bd5 Rae8 19. Bxe4 Rxe7 20. Bd5 Rxe3 21. Rf1 f5 22. Bb3 Rfe8 23. Rxd6 Re1+ 24. Rd1 Rxf1 25.
Rxf1 Re2 26. Bd5 b6 27. a4 Bf6 28. Rh1 Rd2 29. Bf3 Rd4 30. g3 Rxa4 31. Re1 Rb4 32. b3 Rd4 33. Re6 Kg7 34. Rc6 f4 35. Rc7+ Kh6 36. c3 Rd3 37. Be4 fxg3 38. Rf7 Re3 39. Bd5 Bxc3 40. Kc2 Be5 41. Re7 Bf4 42. Rf7 Bd6 43. Rd7 g2 44. Bxg2 Re2+ 45. Kd3 Rxg2 46.
Rxd6 Rg4 47. Rd7 a6 48. Rd6 b5 49. Rxa6 Rxh4 50. Kc3 b4+ 51. Kd3 Rf4 52. Ke3 Rf5 53. Rb6 Kg5 54. Rxb4 h4 55. Rc4 h3 56. Rc1 Kh4 57.
b4 h2 58. Ke4 Kg3 59. Rc3+ Kg2 60. Rc2+ Rf2 61. Rc6 g5 62. b5 h1=Q 63. Kd5 Kf1+ 64.
Kd6 Rd2+ 65. Kc7 Qxc6+ 66. Kxc6 g4 67. b6 g3 68. b7 Rb2 0-1